 Dungeon Crawl Stone Soup version 0.28.0-1-gb440e238dd (webtiles) character file.

Game seed: 14074763559310359472

109 banana55725 the Skirmisher (level 4, -1/41 HPs)
             Began as a Minotaur Fighter on Feb 27, 2022.
             Slain by Sigmund (7 damage)
             ... on level 3 of the Dungeon.
             The game lasted 00:25:26 (2088 turns).

banana55725 the Skirmisher (Minotaur Fighter)       Turns: 2088, Time: 00:25:26

Health: -1/41      AC:  7    Str: 20    XL:     4   Next: 59%
Magic:  3/3        EV:  9    Int:  5    God:
Gold:   88         SH:  5    Dex: 12    Spells: 3/3 levels left

rFire   + . .      SeeInvis .   a - +0 war axe
rCold   + . .      Faith    .   c - +0 buckler
rNeg    . . .      Spirit   .   b - +0 scale mail
rPois   .          Reflect  .   (helmet restricted)
rElec   .          Harm     .   k - scarf {rC+ rF+}
rCorr   .          Rampage  .   (no gloves)
Will    .....                   (no boots)
Stlth   ..........              (no amulet)
HPRegen 0.13/turn               (no ring)
MPRegen 0.08/turn               (no ring)

@: no status effects
A: horns 2, retaliatory headbutt
a: no special abilities


You were on level 3 of the Dungeon.
You visited 1 branch of the dungeon, and saw 3 of its levels.

You collected 88 gold pieces.

Inventory:

Hand Weapons
 a - a +0 war axe (weapon)
 i - a +4 short sword
 m - a +0 mace
Missiles
 f - 23 arrows
 h - 2 atropa-tipped darts
 n - 5 boomerangs of dispersal
Armour
 b - a +0 scale mail (worn)
 c - a +0 buckler (worn)
 k - a scarf of resistance (worn)
Scrolls
 e - a scroll of magic mapping
 j - 2 scrolls of teleportation
Potions
 g - a potion of attraction (quivered)
 l - a potion of flight
 o - a potion of curing


   Skills:
 * Level 4.8 Fighting
 * Level 3.6(3.8) Axes
 + Level 1.3(2.7) Maces & Flails
 + Level 4.4 Armour
 - Level 3.9 Shields


You had 3 spell levels left.
You didn't know any spells.
Your spell library contained the following spells:

 Spells                   Type           Power      Damage    Failure   Level
 Sublimation of Blood     Necr           0%         N/A       96%         2
 Petrify                  Tmut/Erth      0%         N/A       100%        4
 Fireball                 Conj/Fire      0%         3d3       100%        5
 Irradiate                Conj/Tmut      0%         3d13      100%        5
 Starburst                Conj/Fire      0%         6d3       100%        6
 Ignition                 Fire           0%         3d3       100%        8


Dungeon Overview and Level Annotations

Branches:
Dungeon (3/15)

Altars:

Annotations:
D:3 Sigmund


Innate Abilities, Weirdness & Mutations

You have a pair of horns on your head.
You reflexively headbutt those who attack you in melee.


Message History

Okay, then.
You open the door.
Sigmund shouts!
The orc shouts!
A bat comes into view.
Sigmund gestures wildly while chanting.
Sigmund flickers and vanishes!
The orc shouts!
There is an open door here.
The bat barely misses you. You block something's attack.
You block the bat's attack.
Cleave: a) +0 war axe
Press: ? - help, Dir - move target
Okay, then.
The bat closely misses you. You furiously retaliate!
You headbutt the bat, but do no damage. The bat hits you.
The orc hits you with a +0 trident. The bat closely misses you.
Something hits you!
There is an open door here.
Cleave: a) +0 war axe
Press: ? - help, Dir - move target, f - bat
Aim: a bat (about 58% to evade your +0 war axe)
You slash the bat!
You kill the bat!
You closely miss the orc. You slash something! The orc completely misses you.
Something hits you! You block the orc's attack.
The orc hits you with a +0 dagger.
Cleave: a) +0 war axe
Press: ? - help, Dir - move target, f - orc
Aim: an orc, wielding a +0 dagger (about 43% to evade your +0 war axe)
You closely miss the orc. Your headbutt misses the orc.
You barely miss something. You slash the orc!
You kill the orc!
The orc hits you but does no damage. Something hits you!
* * * LOW HITPOINT WARNING * * *
You slash the orc!
You kill the orc!
Something hits you!
* * * LOW HITPOINT WARNING * * *
You barely miss the orc. The orc barely misses you. Something hits you!
You die...

##### ... ##.## ##...## #.....#
#.# ##...## #.# ##.## #.# #.#
#o# #@# #o# #o# #. #.# #)†.# #.
#o# ## #.....# #. #.##.##
#.......# ##.#
#.#...####.........####...#####
#........'.........+...........
#.#...####.........# #......##
#..<.## ##.......## ##.#.#>#


You could see an orc.

Vanquished Creatures
  A centaur zombie (D:3)
  An adder (D:2)
  3 worms (D:2)
  2 dart slugs (D:1)
  2 orcs (D:3)
  3 endoplasms
  2 giant cockroaches
  2 hobgoblins
  7 kobolds
  2 quokkas
  5 ball pythons
  4 bats
  4 frilled lizards
  11 goblins
  4 rats
53 creatures vanquished.

Notes
Turn   | Place    | Note
-------+----------+-------------------------------------------
     0 | D:1      | banana55725 the Minotaur Fighter began the quest for the
                  | Orb.
     0 | D:1      | Reached XP level 1. HP: 19/19 MP: 0/0
    99 | D:1      | Reached XP level 2. HP: 26/27 MP: 1/1
   313 | D:1      | Reached XP level 3. HP: 32/33 MP: 2/2
  1436 | D:3      | Reached skill level 1 in Maces & Flails
  1436 | D:3      | Reached XP level 4. HP: 23/41 MP: 3/3
  1768 | D:3      | Noticed Sigmund
  2088 | D:3      | Slain by Sigmund

Illustrated notes

Levels and vault maps discovered:
D:1:      giann_wishing_wells, layout_rooms, serial_rivers,
          chequers_serial_rivers_small_b, chequers_serial_rivers_micro_d,
          chequers_serial_rivers_small_b, chequers_serial_rivers_micro_c,
          minmay_misc_feat_chi, minmay_three_crescents
D:2:      layout_basic, minmay_strange_pillars
D:3:      layout_loops_corners, mainiacjoe_overflow_tiny_flanked,
          basic_ecumenical_altar, uniq_sigmund

Skill      XL: |  1  2  3 |
---------------+----------+-----
Fighting       | 4 |  4.8
Armour         | 4 |  4.4
Axes           | 3 |  3.6
Maces & Flails | 1 |  1.3
Shields        | |  3.9

Action                   |  1- 3 |  4- 6 || total
-------------------------+-------+-------++-------
Melee: War axe           |    93 |    13 ||   106
       Headbutt          |    16 |     1 ||    17
  Use: Scroll            |     4 |     2 ||     6
       Potion            |       |     2 ||     2
Armor: Scale mail        |    38 |     5 ||    43
Dodge: Dodged            |    40 |     9 ||    49
Block: Buckler           |    15 |     4 ||    19
